 Dungeon Crawl Stone Soup version 0.23.2 (webtiles) character file.

Game seed: 12286706131298062873

7879 Menchi the Cleaver (level 11, -18/100 (101) HPs)
             Began as a Minotaur Fighter on Apr 8, 2019.
             Was an Initiate of Gozag.
             Demolished by an orc warlord
             ... wielding a +0 great mace
              (24 damage)
             ... on level 1 of the Orcish Mines.
             The game lasted 00:18:29 (8039 turns).

Menchi the Cleaver (Minotaur Fighter)               Turns: 8039, Time: 00:18:31

HP:   -18/100 (101) AC: 18    Str: 28    XL:     11   Next: 2%
MP:   10/10         EV: 14    Int:  4    God:    Gozag
Gold: 551           SH:  0    Dex: 11    Spells: 10/10 levels left

rFire    + . .     SeeInvis .   H - +3 battleaxe
rCold    . . .     Gourm    .   (shield currently unavailable)
rNeg     + . .     Faith    .   b - +1 scale mail
rPois    +         Spirit   .   (helmet restricted)
rElec    .         Reflect  .   G - +2 ratskin cloak {+Rats rPois rN+ Str-1 Int-1 Dex+1}
rCorr    .         Harm     .   t - +1 pair of gloves
MR       +....                  v - +1 pair of boots
Stlth    ..........             m - amulet of regeneration
HPRegen  0.66/turn              n - ring of protection from fire
MPRegen  0.12/turn              q - ring of protection from magic

@: mighty, gold aura
A: retaliatory headbutt, horns 2
a: Potion Petition, Call Merchant, Bribe Branch, Renounce Religion, Evoke
Ratskin


You were on level 1 of the Orcish Mines.
You worshipped Gozag.
Gozag was pleased with you.
You were not hungry.

You visited 2 branches of the dungeon, and saw 10 of its levels.

You collected 717 gold pieces.
You paid 166 gold pieces to Gozag.

Inventory:

Hand Weapons
 i - a +2 dagger of venom
 H - a +3 battleaxe (weapon)
Armour
 b - a +1 scale mail (worn)
 t - a +1 pair of gloves (worn)
 v - a +1 pair of boots (worn)
 G - the +2 ratskin cloak (worn) {+Rats rPois rN+ Str-1 Int-1 Dex+1}
   (You found it on level 6 of the Dungeon)

   It affects your strength (-1).
   It affects your intelligence (-1).
   It affects your dexterity (+1).
   It protects you from poison.
   It protects you from negative energy.
Jewellery
 k - an uncursed ring of resist corrosion
 m - an amulet of regeneration (around neck)
 n - a ring of protection from fire (left hand)
 q - a ring of protection from magic (right hand)
 B - an uncursed ring of flight
Wands
 d - a wand of acid (2)
 l - a wand of enslavement (8)
 p - a wand of disintegration (6)
Scrolls
 g - 5 scrolls of remove curse
 h - 6 scrolls of identify
 j - a scroll of fear
 r - 3 scrolls of amnesia {unknown}
 s - a scroll of enchant weapon
 u - 8 scrolls of noise {unknown}
 x - a scroll of random uselessness {unknown}
 A - a scroll of teleportation {unknown}
 C - a scroll of blinking {unknown}
Potions
 a - a potion of resistance {unknown}
 c - 2 potions of degeneration {unknown}
 e - 2 potions of curing
 o - 2 potions of flight {unknown}
 w - a potion of agility {unknown}
 z - a potion of mutation {unknown}
 D - 4 potions of heal wounds {unknown}
 E - a potion of haste {unknown}
 I - a potion of brilliance {unknown}
Comestibles
 f - 15 rations


   Skills:
 * Level 10.9 Fighting
 * Level 12.0 Axes
 + Level 10.1 Armour
 * Level 7.8 Dodging
   Level 3.6 Shields


You had 10 spell levels left.
You didn't know any spells.
Your spell library contained the following spells:

 Spells                   Type           Power        Failure   Level  Hunger
 Beastly Appendage        Tmut           #.....       73%         1    ##.....
 Magic Dart               Conj           #...         73%         1    ##.....
 Shock                    Conj/Air       #...         73%         1    ##.....
 Blink                    Tloc           N/A          86%         2    ###....
 Call Imp                 Summ           #.......     86%         2    ###....
 Slow                     Hex            #.......     86%         2    ###....
 Sticks to Snakes         Tmut           #.......     86%         2    ###....
 Swiftness                Chrm/Air       #.......     86%         2    ###....
 Conjure Flame            Conj/Fire      #.......     97%         3    ####...
 Mephitic Cloud           Conj/Pois/Air  #.......     97%         3    ####...
 Spider Form              Tmut/Pois      #.........   97%         3    ####...
 Static Discharge         Conj/Air       #.......     97%         3    ####...
 Airstrike                Air            #.........   100%        4    #####..
 Ice Form                 Ice/Tmut       #.......     100%        4    #####..
 Blade Hands              Tmut           #.........   100%        5    ######.
 Lightning Bolt           Conj/Air       #.........   100%        5    ######.


Dungeon Overview and Level Annotations

Branches:
Dungeon (9/15)             Temple (0/1) D:7            Lair (0/6) D:9
    Orc (1/2) D:9

Altars:
Ashenzari
Cheibriados
Gozag
Hepliaklqana
Nemelex Xobeh
Sif Muna
Uskayaw
The Shining One

Shops:
D:5 :   D:8 %(%:[


Innate Abilities, Weirdness & Mutations

You reflexively headbutt those who attack you in melee.
You have a pair of horns on your head.


Message History

The orc warlord is severely wounded.
You barely miss the orc warrior. You hit the orc warlord.
The orc warlord is severely wounded.
You slice the orc warrior!!
The orc warlord is no longer covered in acid.
The orc no longer looks unusually strong.
The orc warlord roars a battlecry!
The orc goes into a battle-frenzy!
The orc warrior hits you with a +0 scimitar of flaming!!
* * * LOW HITPOINT WARNING * * *
The orc warrior burns you.
* * * LOW HITPOINT WARNING * * *
You slice the orc warlord!! You headbutt the orc warlord!
The orc warlord is almost dead.
You slice the orc warrior!!
You kill the orc warrior!
The orc warlord hits you with a +0 great mace!!
You die...
Your body crumbles into a pile of gold.

#####.........# ##...o..###
..##..........###....o$...#
..#.............#...##T...#
.......###........o##
#oo.... .......#
###......## .....o .......#
#.......# .oo.. ......##
##.#ooo.# ...o. #....##
####$### ...# ###### #o@#
#... ####


You could see an orc warlord and 2 orcs.

Vanquished Creatures
  2 two-headed ogres (D:9)
  A gargoyle (D:9)
  A troll (Orc:1)
  A hippogriff (D:7)
  A wyvern (D:8)
  A hungry ghost (D:7)
  Eustachio (D:4)
  Menkaure (D:6)
  A porcupine (D:9)
  3 black bears
  3 ice beasts
  6 orc warriors
  2 sky beasts
  6 ogres
  2 phantoms (D:4)
  A necrophage (D:6)
  2 crocodiles (D:9)
  2 big kobolds (D:8)
  A wyvern zombie (D:5)
  10 bullfrogs
  2 scorpions
  A water moccasin skeleton (D:5)
  4 killer bees (D:9)
  12 wights
  2 howler monkeys (D:8)
  4 crimson imps
  2 quasits
  4 bullfrog zombies
  6 orc wizards
  3 jellies (D:8)
  5 orc priests
  A bullfrog skeleton (D:9)
  2 hounds
  4 worker ants
  Natasha (thrice) (D:4)
  A hell rat (D:6)
  A hound zombie (D:5)
  A hound skeleton (D:6)
  A howler monkey skeleton (D:7)
  7 adders
  4 gnolls (D:6)
  6 river rats (D:6)
  A shadow imp (D:5)
  6 oozes
  An adder skeleton (D:7)
  2 dart slugs (D:1)
  8 leopard geckos
  21 orcs
  6 giant cockroaches
  9 goblins
  7 hobgoblins
  4 jackals (D:4)
  13 kobolds
  4 quokkas
  A ball python (D:5)
  4 bats (D:2)
  5 frilled lizards
  A jackal zombie (D:7)
  A quokka zombie (D:5)
  24 rats
  10 fungi (D:9)
  4 plants (D:9)
256 creatures vanquished.

Vanquished Creatures (others)
  5 fungi (D:9)
5 creatures vanquished.

Grand Total: 261 creatures vanquished

Notes
Turn   | Place    | Note
-------+----------+-------------------------------------------
     0 | D:1      | Menchi the Minotaur Fighter began the quest for the Orb.
     0 | D:1      | Reached XP level 1. HP: 19/19 MP: 0/0
   108 | D:1      | Reached XP level 2. HP: 27/27 MP: 1/1
   550 | D:1      | Reached skill level 1 in Dodging
   551 | D:1      | Reached XP level 3. HP: 33/33 MP: 2/2
   559 | D:1      | Reached skill level 3 in Axes
  1466 | D:3      | Found a hazy altar of Hepliaklqana.
  1470 | D:3      | Reached XP level 4. HP: 41/41 MP: 3/3
  1537 | D:3      | Found a faded altar of an unknown god.
  1841 | D:4      | Noticed a phantom
  1850 | D:4      | Noticed an ogre
  1857 | D:4      | Killed a phantom
  1857 | D:4      | Reached skill level 5 in Fighting
  1857 | D:4      | Reached XP level 5. HP: 30/48 MP: 4/4
  1864 | D:4      | HP: 2/48 [ogre/cursed -2 giant club (15)]
  1867 | D:4      | Killed an ogre
  1867 | D:4      | Reached skill level 4 in Axes
  1867 | D:4      | Reached XP level 6. HP: 3/57 MP: 5/5
  2063 | D:4      | Reached skill level 5 in Armour
  2261 | D:4      | Noticed Natasha
  2269 | D:4      | Killed Natasha
  2301 | D:4      | Noticed Eustachio
  2312 | D:4      | Killed Eustachio
  2316 | D:4      | Reached XP level 7. HP: 35/63 MP: 6/6
  2514 | D:4      | You fall through a shaft for 3 floors!
  2521 | D:7      | Reached skill level 5 in Axes
  2526 | D:7      | Noticed a hippogriff
  2533 | D:7      | Killed a hippogriff
  2854 | D:6      | Reached XP level 8. HP: 45/73 MP: 7/7
  2878 | D:5      | Entered Level 5 of the Dungeon
  3098 | D:5      | Found a snail-covered altar of Cheibriados.
  3248 | D:6      | Reached skill level 6 in Axes
  3360 | D:6      | Noticed Menkaure
  3373 | D:6      | Killed Menkaure
  3373 | D:6      | Reached skill level 5 in Dodging
  3888 | D:5      | Found a shattered altar of Ashenzari.
  3957 | D:5      | Found Ugegag's Book Boutique.
  4057 | D:5      | Found an opulent altar of Gozag.
  4320 | D:5      | Found a glowing golden altar of the Shining One.
  4343 | D:5      | Found a deep blue altar of Sif Muna.
  4489 | D:5      | Reached XP level 9. HP: 77/82 MP: 8/8
  4780 | D:4      | Found a sparkling altar of Nemelex Xobeh.
  4819 | D:4      | Noticed Natasha
  4827 | D:4      | Killed Natasha
  4936 | D:4      | Noticed Natasha
  4940 | D:4      | Killed Natasha
  5202 | D:6      | Found the +2 ratskin cloak {+Rats rPois rN+ Str-1 Int-1
                  | Dex+1}
  5459 | D:7      | Found a hide-covered altar of Uskayaw.
  5722 | D:7      | Reached skill level 7 in Axes
  5988 | D:7      | Found a staircase to the Ecumenical Temple.
  6031 | D:8      | Found Kesuifila's Antique Weapon Shop.
  6085 | D:8      | Found Uduassat's Food Emporium.
  6255 | D:8      | Reached skill level 8 in Axes
  6261 | D:8      | Found Okejav's Armour Boutique.
  6359 | D:8      | Found Igim's Book Shop.
  6388 | D:8      | Found Qaufruc's Food Shoppe.
  6504 | D:8      | Reached XP level 10. HP: 89/92 MP: 9/9
  6540 | D:8      | Reached skill level 10 in Fighting
  6942 | D:9      | Reached skill level 9 in Axes
  6949 | D:9      | Noticed a gargoyle
  6960 | D:9      | Killed a gargoyle
  7010 | D:9      | Noticed a two-headed ogre
  7015 | D:9      | Killed a two-headed ogre
  7015 | D:9      | Reached skill level 10 in Axes
  7035 | D:9      | Found a staircase to the Orcish Mines.
  7297 | D:9      | Found an opulent altar of Gozag.
  7504 | D:9      | Became a worshipper of Gozag Ym Sagoz the Greedy
  7542 | D:9      | Found a staircase to the Lair.
  7567 | D:9      | Reached skill level 11 in Axes
  7585 | D:9      | Reached skill level 10 in Armour
  7666 | D:9      | Noticed a two-headed ogre
  7674 | D:9      | Killed a two-headed ogre
  7938 | Orc:1    | Entered Level 1 of the Orcish Mines
  8004 | Orc:1    | Noticed an orc warlord
  8025 | Orc:1    | Reached skill level 12 in Axes
  8025 | Orc:1    | Reached XP level 11. HP: 75/100 MP: 10/10
  8038 | Orc:1    | HP: 5/100 [orc warrior/+0 scimitar of flaming[an orc
                  | warlord] (1)]
  8039 | Orc:1    | Demolished by an orc warlord

Skill      XL: |  1  2  3  4  5  6  7  8  9 10 |
---------------+-------------------------------+-----
Fighting       | 4 5 6 7 8 9 10 | 10.9
Dodging        | 1 2 3 4 5 6 7 |  7.8
Axes           | 3 4 5 6 8 12 | 12.0
Armour         | 4 5 6 8 9 10 | 10.1
Shields        | |  3.6

Action                   |  1- 3 |  4- 6 |  7- 9 | 10-12 || total
-------------------------+-------+-------+-------+-------++-------
Melee: War axe           |    15 |       |       |       ||    15
       Headbutt          |    12 |    17 |    72 |    36 ||   137
       Dagger            |    69 |    63 |   297 |       ||   429
       Battleaxe         |       |       |   100 |   136 ||   236
Evoke: Wand              |       |       |       |     8 ||     8
  Use: Scroll            |     3 |       |     7 |       ||    10
       Potion            |       |       |     1 |     1 ||     2
  Eat: Ration            |       |     1 |       |     1 ||     2
       Chunk             |       |     1 |    19 |     3 ||    23
Armor: Scale mail        |    40 |    48 |   200 |    55 ||   343
Dodge: Dodged            |    40 |    55 |   275 |    96 ||   466
